Map: Kairos Junction LE

Players

HeroMarine - Winner!

  • Race: Terran Terran
  • League: Master
  • Spawn Location: 5:00

PtitDrogo

  • Race: Protoss Protoss
  • League: Master
  • Spawn Location: 11:00

Event: HomeStory Cup XIX

VOD

Have the link to the VOD?

Description

Time

  • Played on: June 28, 2019, 5:09 p.m.
  • Length: 8:12

All games in this series

Show
View Real Time Build Order
Export as new Build Order

HeroMarine Terran - Winner!

Build Orders: Reaper Expand 

Get SALT Encoding   

  12  0:00  SCV  
  13  0:12  SCV  
  14  0:17  Supply Depot  
  14  0:24  SCV  
  15  0:38  SCV  
  15  0:40  Barracks  
  16  0:42  Refinery  
  16  0:51  SCV  
  17  1:03  SCV  
  18  1:15  SCV  
  19  1:26  Reaper  
  19  1:27  Orbital Command  
  20  1:43  Command Center  
  20  1:52  Bunker  
  20  1:53  SCV  
  21  1:59  Barracks Reactor  
  21  2:05  SCV  
  21  2:06  Supply Depot  
  22  2:10  Refinery  
  22  2:17  SCV  
  23  2:29  SCV  
  24  2:30  Factory  
  24  2:35  Marine x2  
  26  2:41  SCV  
  27  2:52  Marine  
  27  2:53  Marine, SCV  
  27  2:57  Orbital Command  
  29  3:05  SCV  
  29  3:10  Marine x2  
  32  3:14  Widow Mine  
  32  3:15  Starport  
  32  3:17  SCV  
  35  3:27  SCV  
  35  3:28  Marine x2  
  35  3:30  SCV  
  35  3:33  Supply Depot  
  39  3:36  Widow Mine  
  39  3:39  SCV  
  42  3:42  SCV  
  42  3:46  Marine x2  
  45  3:51  SCV  
  45  3:55  SCV, Medivac  
  48  3:56  Supply Depot  
  48  3:59  Factory Tech Lab  
  48  4:03  SCV  
  48  4:06  Marine x2  
  48  4:07  Barracks, SCV  
  52  4:15  SCV  
  53  4:19  Siege Tank, SCV, Supply Depot  
  57  4:24  Marine x2  
  57  4:28  SCV  
  60  4:31  Starport Tech Lab, SCV  
  60  4:34  Barracks  
  61  4:40  SCV  
  61  4:42  Marine x2  
  61  4:43  SCV  
  65  4:46  Engineering Bay  
  65  4:48  Supply Depot  
  65  4:51  Raven  
  65  4:52  SCV  
  68  4:55  SCV  
  68  4:58  Refinery  
  69  5:01  Stimpack  
  69  5:02  Marine  
  70  5:09  Marine  
  70  5:10  Marauder, SCV x2  
  70  5:11  Supply Depot  
  75  5:15  Terran Infantry Weapons Level 1  
  75  5:24  Marine  
  75  5:26  Factory Reactor, SCV x2  
  75  5:27  Marine  
  77  5:33  Marauder, Supply Depot  
  77  5:34  Refinery  
  79  5:37  Supply Depot  
  79  5:39  Marauder  
  79  5:41  Combat Shield, Starport Reactor  
  81  5:46  Marine x2, Supply Depot  
  81  5:53  SCV x2  
  81  5:55  Supply Depot  
  81  5:56  Marauder  
  85  6:01  Marauder  
  85  6:03  Widow Mine x2  
  91  6:04  Marine x2  
  91  6:08  Supply Depot  
  93  6:17  Medivac  
  93  6:18  Marauder, Medivac  
  97  6:22  Marauder, Marine x2  
  107  6:25  Widow Mine  
  107  6:26  Widow Mine  
  107  6:35  Command Center  
  107  6:41  Marauder  
  107  6:44  Marine x2, Marauder  
  113  6:55  Widow Mine x2  
  113  6:57  Medivac  
  113  6:58  Medivac  
  113  7:00  Concussive Shells  
  121  7:02  Marauder  
  121  7:05  Marauder  
  121  7:08  Supply Depot  
  125  7:09  Marine  
  125  7:12  Marine  
  124  7:24  Marauder  
  124  7:26  Marauder  
  124  7:29  Marine  
  127  7:31  Barracks  
  127  7:32  Barracks  
  127  7:38  Marine  
  127  7:42  Widow Mine  
  127  7:43  Widow Mine, Supply Depot  
  132  7:45  Marauder  
  132  7:47  Marine  
  132  7:48  Marauder  
Show
View Real Time Build Order
Export as new Build Order

PtitDrogo Protoss 

Build Orders: 1 Gate Expand, Zealot Archon 

Get SALT Encoding   

  12  0:00  Probe  
  13  0:13  Pylon  
  13  0:18  Probe  
  14  0:30  Probe  
  14  0:31  Gateway  
  15  0:40  Probe, Assimilator  
  16  0:51  Probe  
  17  1:03  Probe  
  18  1:15  Probe  
  19  1:19  Cybernetics Core  
  19  1:27  Probe  
  20  1:35  Nexus  
  20  1:42  Pylon  
  20  1:46  Stalker, Probe  
  21  1:50  Assimilator  
  21  2:00  Probe  
  24  2:07  Stalker  
  24  2:12  Probe  
  25  2:22  Warp Gate  
  27  2:24  Probe  
  28  2:36  Stalker  
  28  2:37  Probe  
  31  2:49  Probe  
  32  2:56  Probe  
  33  3:00  Robotics Facility  
  33  3:01  Probe  
  33  3:04  Probe  
  34  3:09  Probe, Sentry  
  34  3:12  Probe  
  37  3:16  Gateway  
  37  3:17  Probe  
  39  3:20  Gateway  
  39  3:27  Probe x2  
  41  3:31  Pylon  
  42  3:39  Probe x2  
  44  3:50  Observer, Probe  
  44  3:51  Probe  
  47  3:58  Probe, Pylon  
  47  3:59  Assimilator  
  47  4:01  Assimilator  
  48  4:03  Probe  
  48  4:06  Probe  
  48  4:09  Twilight Council  
  49  4:12  Observer  
  49  4:13  Pylon  
  49  4:14  Forge  
  49  4:16  Probe  
  52  4:18  Stalker  
  52  4:20  Probe  
  52  4:23  Stalker  
  57  4:28  Probe  
  57  4:29  Stalker  
  60  4:32  Probe  
  61  4:40  Probe  
  62  4:47  Charge  
  62  4:48  Warp Prism  
  62  4:50  Protoss Ground Weapons Level 1  
  64  5:07  Probe x2, Pylon, Nexus  
  64  5:11  Templar Archives  
  65  5:24  Stalker x2  
  68  5:36  Probe  
  68  5:41  Probe  
  70  5:49  Probe, Gateway x2  
  71  5:50  Gateway  
  71  5:53  Probe  
  71  5:56  Psionic Storm  
  72  6:01  High Templar x3  
  78  6:04  Gateway  
  78  6:08  Gateway  
  80  6:18  Probe x2  
  80  6:21  Gateway  
  80  6:24  Pylon  
  80  6:30  Probe x3  
  80  6:32  Shield Battery  
  83  6:33  High Templar  
  83  6:37  Zealot x2  
  89  6:40  Pylon  
  89  6:42  Probe x2  
  89  6:46  Immortal  
  91  6:50  Probe, Pylon  
  91  6:53  Photon Cannon  
  96  6:57  Zealot x2  
  100  7:02  Pylon  
  100  7:05  High Templar  
  100  7:08  High Templar  
  104  7:09  Zealot x2  
  106  7:21  Zealot x4  
  114  7:36  Stalker x2  
  114  7:43  Zealot x5  
  124  7:47  Pylon  
  96  7:59  Archon x2  
  96  8:02  Zealot x3  
  96  8:04  Zealot x5  
Tags
 
Add a new tag
Caveats
  • Supply blocks, unpowered buildings, or Contaminate may cause inaccurate times.
  • Supply counts are checked every 10 seconds.